 Dungeon Crawl Stone Soup version 0.29-a0-322-g68df515428 (webtiles) character file.

Game seed: 11737552610481672360

1269 spiderkeys the Skirmisher (level 8, -4/71 HPs)
             Began as a White Draconian Abyssal Knight on Apr 6, 2022.
             Was a High Priest of Lugonu.
             Slain by a two-headed ogre
             ... wielding a +0 giant club
              (20 damage)
             ... on level 7 of the Dungeon.
             The game lasted 00:09:57 (5932 turns).

spiderkeys the Skirmisher (DrAK)                    Turns: 5932, Time: 00:09:58

Health: -4/71      AC:  9    Str: 17    XL:     8   Next: 28%
Magic:  11/12      EV: 14    Int: 13    God:    Lugonu [*****.]
Gold:   162        SH:  0    Dex: 18    Spells: 7/7 levels left

rFire   + . .      SeeInvis .   i - +4 dagger (elec)
rCold   + . .      Faith    .   (no shield)
rNeg    . . .      Spirit   .   (body armour unavailable)
rPois   .          Reflect  .   (helmet restricted)
rElec   .          Harm     .   e - +0 cloak
rCorr   +          Rampage  +   (no gloves)
Will    .....                   B - +1 pair of boots {rampage}
Stlth   ++........              (no amulet)
HPRegen 0.21/turn               q - ring of Booter {rF+ rCorr Str+2 Int+2 Dex+4}
MPRegen 0.13/turn               (no ring)

@: short of breath
A: breathe frost, AC +6, unfitting armour, cold resistance 1, cold-blooded
a: Breathe Frost, Renounce Religion, Depart the Abyss, Bend Space, Banish,
Corrupt, Enter the Abyss


You were on level 7 of the Dungeon.
You worshipped Lugonu.
Lugonu was extremely pleased with you.
You visited 1 branch of the dungeon, and saw 7 of its levels.
You visited the Abyss 1 time.
You also visited: Sewer.

You collected 327 gold pieces.
You spent 165 gold pieces at shops.


Innate Abilities, Weirdness & Mutations

You can breathe waves of freezing cold which knock back foes.
Your icy white scales are hard. (AC +6)
You cannot fit into any form of body armour.
Your flesh is cold resistant. (rC+)
You are cold-blooded and may be slowed by cold attacks.


   Skills:
 + Level 6.4 Fighting
 + Level 5.3 Polearms
 + Level 5.0 Dodging
 + Level 5.8 Invocations


You had 7 spell levels left.
You didn't know any spells.
Your spell library contained the following spells:

 Spells                   Type           Power      Damage    Failure   Level
 Summon Small Mammal      Summ           0%         N/A       30%         1
 Call Canine Familiar     Summ           0%         N/A       67%         3
 Summon Guardian Golem    Hex/Summ       0%         N/A       67%         3
 Cause Fear               Hex            0%         N/A       97%         4
 Dispersal                Tloc           0%         N/A       100%        6
 Dragon Form              Tmut           0%         N/A       100%        7
 Disjunction              Tloc           0%         N/A       100%        8
 Dragon's Call            Summ           0%         N/A       100%        9

Inventory:

Hand Weapons
 a - a +1 spear
 i - a +4 dagger of electrocution (weapon)
   (You took it off a kobold on level 1 of the Dungeon)
 m - the +3 whip "Omoclem" {flame, rElec rPois rC- rN+ Dex+6}
   (You found it on level 2 of the Dungeon)

   It burns those it strikes, dealing additional fire damage.
   Dex:       It affects your dexterity (+6).
   rC:        It makes you vulnerable to cold.
   rElec:     It insulates you from electricity.
   rPois:     It protects you from poison.
   rN:        It protects you from negative energy.
Missiles
 f - 231 stones
 y - a throwing net {=f!f}
Armour
 e - a +0 cloak (worn)
   (You found it on level 1 of the Dungeon)
 B - a +1 pair of boots of rampaging (worn)
   (You bought it in a shop on level 4 of the Dungeon)
Jewellery
 q - the ring of Booter (left hand) {rF+ rCorr Str+2 Int+2 Dex+4}
   (You found it on level 3 of the Dungeon)

   [ring of protection from fire]

   Str:       It affects your strength (+2).
   Int:       It affects your intelligence (+2).
   Dex:       It affects your dexterity (+4).
   rF:        It protects you from fire.
   rCorr:     It protects you from acid and corrosion.
 C - a ring of protection from cold
   (You found it on level 4 of the Dungeon)
Wands
 w - a wand of flame (8)
   (You found it in a sewer)
Scrolls
 g - 7 scrolls of teleportation {@r4}
 h - a scroll of holy word
 j - 2 scrolls of summoning
 k - 2 scrolls of fear
 n - 3 scrolls of enchant weapon
 o - a scroll of amnesia
 r - a scroll of immolation {unknown}
 s - 2 scrolls of fog {unknown}
 x - 3 scrolls of blinking {unknown}
 E - a scroll of magic mapping {unknown}
 F - a scroll of identify {@r1}
 H - a scroll of enchant armour {unknown}
Potions
 b - a potion of attraction {unknown}
 c - 3 potions of lignification {unknown}
 d - 2 potions of ambrosia {unknown}
 l - 2 potions of invisibility {unknown}
 p - 2 potions of mutation {unknown}
 t - 2 potions of degeneration {unknown}
 u - a potion of cancellation {unknown}
 v - 3 potions of might {unknown}
 z - a potion of heal wounds {@q2}
 A - 3 potions of magic {unknown}
 D - a potion of brilliance {unknown}
 G - 3 potions of curing {unknown}
 I - a potion of flight {unknown}

Dungeon Overview and Level Annotations

Branches:
Dungeon (6/15)             Temple (0/1) D:5           Sewer (visited)

Altars:
Wu Jian

Shops:
D:4 [

Annotations:
D:5 1 runed translucent door, Cecur's ghost, amateur GnWn
D:7 Dowan

#.# #.##.###################
#.# #.##.##...###.......###.
#.#####'##.#...#.#.#.....#.#.#
#.##.......#..#..#..#...#..#..
#.##...>...+.#...#...#.#...#..
#........#.#..................
#######'####.........###......
#......hO.....#.#.#.....
########@#+...#..#..#...#
#............#...#...#.#.
#...........#############
#............# #............#
#............# #......e.....+
#............# ######.......#


You could see a two-headed ogre (ally target), Dowan and a friendly howler
monkey (summoned).


Message History

There is an open door here.
There is an open door here.
There is an open door here.
You open the door.
Found a stone staircase leading down.
No target in view!
There is an open door here.
f - 231 stones (gained 24) Key pressed, stopping explore.
You open the door.
There is an open door here.
You open the door.
A two-headed ogre comes into view.
It is wielding a +0 giant club and a +0 giant spiked club.
You rampage towards the two-headed ogre!
You rampage towards the two-headed ogre!
You rampage towards the two-headed ogre!
The helpless two-headed ogre fails to defend itself.
You puncture the two-headed ogre!
Lightning courses through the two-headed ogre!!
The two-headed ogre hits you with a +0 giant club!!
The two-headed ogre closely misses you.
You hear a shout! 😮 HP[-33]
You take 33 damage, and now have 38/71 hp.
MASSIVE DAMAGE!! (PAUSE) Space bends around you!
You blink. 😮 HP[-2] MP[-1]
You take 2 damage, and now have 36/71 hp.
You lost 1 mp, and now have 11/12 mp.
Unknown command.
Unknown command.
Aiming: Breathe Frost (4% risk of failure)
Press: ? - help, Shift-Dir - straight line, f - two-headed ogre
Aim: a two-headed ogre, wielding a +0 giant club and a +0 giant spiked club (heavily wounded, 85% to hit)
You exhale a wave of freezing cold.
The freezing breath hits the two-headed ogre!
Okay, then.
There is an open door here. 😮 HP[+1] 😮 MP[+1]
Your mp is fully restored (12). 😮 HP[+1] Space bends sharply around you!
You blink. 😮 HP[-1] MP[-1]
You take 1 damage, and now have 37/71 hp.
You lost 1 mp, and now have 11/12 mp.
Unknown command.
Space bends around you!
You blink.
Dowan, Brother of Duvessa comes into view.
He is wielding a +0 dagger. 😨 HP[-2] MP[-1]
You take 2 damage, and now have 35/71 hp.
You lost 1 mp, and now have 10/12 mp.
As you read the scroll of summoning, it crumbles to dust.
Wisps of shadow whirl around you...
Dowan points at you and mumbles some strange words.
You resist with some effort. What are your orders? t - Shout!
Orders for allies: a - Attack new target. p - Attack previous target. r - Retreat! s - Stop attacking. g - Guard the area. f - Follow me.
Anything else - Cancel.
Gang up on whom?
Press: ? - help, Dir - move target, f/p - two-headed ogre
Aim: a two-headed ogre, wielding a +0 giant club and a +0 giant spiked club (heavily wounded, ally target) Attack!
Okay, then.
The two-headed ogre hits your howler monkey with a +0 giant club!!
Your howler monkey dies!
Your howler monkey's corpse dissolves into shadows!
Dowan says, "Magic and the sword, together, will defeat you." 😮 HP[+1] Unknown command.
Your water moccasin bites the two-headed ogre.
The two-headed ogre closely misses your water moccasin.
The two-headed ogre barely misses your water moccasin.
Dowan casts a spell.
Dowan blinks!
Your water moccasin bites the two-headed ogre. 😮 MP[+1]
Your water moccasin bites the two-headed ogre.
The two-headed ogre closely misses your water moccasin.
The two-headed ogre hits your water moccasin with a +0 giant spiked club!!!
Your water moccasin dies!
Your water moccasin's corpse dissolves into shadows!
The two-headed ogre hits your howler monkey with a +0 giant club!!!
Your howler monkey dies!
Your howler monkey's corpse dissolves into shadows!
Your howler monkey hits the two-headed ogre!
There is an open door here. 😮 HP[+1]
You hit the two-headed ogre.
Your howler monkey hits the two-headed ogre but does no damage.
The two-headed ogre hits you with a +0 giant club!!
* * * LOW HITPOINT WARNING * * *
The two-headed ogre hits you with a +0 giant spiked club!!
You die...

Skill      XL: |  1  2  3  4  5  6  7  8 |
---------------+-------------------------+-----
Fighting       | 4 5 6 |  6.4
Invocations    | 3 4 5 |  5.8
Dodging        | 3 4 5 |  5.0
Polearms       | 3 4 5 |  5.3

Action                   |  1- 3 |  4- 6 |  7- 9 || total
-------------------------+-------+-------+-------++-------
Melee: Spear             |    35 |       |       ||    35
       Tailslap          |    13 |    20 |    23 ||    56
       Dagger            |    72 |   129 |   142 ||   343
       Whip              |       |     7 |       ||     7
       Punch             |       |     1 |     1 ||     2
Throw: Stone             |       |     6 |       ||     6
Invok: Bend Space        |       |       |     3 ||     3
 Abil: Breathe Frost     |       |       |     2 ||     2
  Use: Scroll            |     3 |     3 |     1 ||     7
 Stab: Sleeping          |     6 |     2 |     6 ||    14
Armor: Skin              |    41 |    36 |    35 ||   112
Dodge: Dodged            |    61 |   121 |    88 ||   270

Levels and vault maps discovered:
D:1:      minmay_arrival_glassed_features, layout_basic,
          grunt_decor_mini_mirrors, minmay_small_reverse_x
D:2:      layout_basic
D:3:      layout_loops_ring, uniq_terence
D:4:      layout_basic, nzn_wu_jian_contemplation, gup_sewer_entry_bubbles,
          serial_shops, shop_fountains
D:5:      layout_loops_ring, temple_doors_cd, ebering_ghost_sewer_d
D:6:      layout_gridville, uniq_menkaure
D:7:      layout_basic, supply_closet_lemuel, hangedman_decor_diamond_cutter,
          minmay_quadrilaterals, uniq_prince_ribbit1, uniq_duvessa,
          uniq_crazy_yiuf_cottage

Notes
Turn   | Place    | Note
-------+----------+-------------------------------------------
     0 | Abyss:1  | spiderkeys the Draconian Abyssal Knight began the quest for
                  | the Orb.
     0 | Abyss:1  | Reached XP level 1. HP: 19/19 MP: 2/2
     0 | Abyss:1  | magus.rc [v1.11.3]
    71 | Abyss:1  | Found a corrupted altar of Lugonu.
    73 | Abyss:1  | Noticed a large abomination
    83 | D:1      | You pass through the gate.
    83 | D:1      | Escaped the Abyss
   511 | D:1      | Reached XP level 2. HP: 16/26 MP: 3/3
  1088 | D:1      | You pick up a book of the Warp and begin reading...
  1088 | D:1      | You add the spells Dispersal and Disjunction to your
                  | library.
  1198 | D:1      | Reached XP level 3. HP: 28/33 MP: 4/4
  1507 | D:2      | Identified the +3 whip "Omoclem" {flame, rElec rPois rC-
                  | rN+ Dex+6}
  1508 | D:2      | Reached *** piety under Lugonu
  1873 | D:3      | Reached XP level 4. HP: 33/40 MP: 6/6
  1878 | D:3      | Reached skill level 4 in Fighting
  1886 | D:2      | Reached skill level 3 in Invocations
  2442 | D:3      | Noticed Terence
  2442 | D:3      | Noticed a water moccasin
  2460 | D:3      | Killed Terence
  2517 | D:3      | Reached skill level 3 in Dodging
  2638 | D:3      | Killed a water moccasin
  2639 | D:3      | Reached skill level 3 in Polearms
  2639 | D:3      | Reached XP level 5. HP: 24/47 MP: 7/7
  2853 | D:3      | Identified the ring of Booter {rF+ rCorr Str+2 Int+2 Dex+4}
  3050 | D:3      | You pick up a book of Callings and begin reading...
  3050 | D:3      | You add the spells Summon Small Mammal, Call Canine
                  | Familiar and Summon Guardian Golem to your library.
  3245 | D:3      | Reached XP level 6. HP: 53/53 MP: 8/8
  3277 | D:4      | Found Iguylysh's Armour Shop.
  3428 | D:4      | Reached skill level 4 in Invocations
  3471 | D:4      | Identified the +0 ring mail of Pan-Flutes {Str+6}
  3484 | D:4      | Reached skill level 5 in Fighting
  3735 | D:4      | Reached **** piety under Lugonu
  3736 | D:4      | Reached skill level 4 in Polearms
  3765 | D:4      | Found a glowing drain.
  3775 | Sewer    | Entered a sewer
  3853 | Sewer    | Noticed Pargi
  3863 | Sewer    | Killed Pargi
  3864 | Sewer    | Reached skill level 4 in Dodging
  3864 | Sewer    | Your scales start taking on an icy white colour.
  3864 | Sewer    | Reached XP level 7. HP: 56/61 MP: 10/10
  3864 | Sewer    | Gained mutation: Your flesh is cold resistant. (rC+) [White
                  | Draconian growth]
  4198 | D:4      | Found an ornate altar of the Wu Jian Council.
  4624 | D:4      | Bought a +1 pair of boots of rampaging for 165 gold pieces
  4656 | D:5      | Entered Level 5 of the Dungeon
  4955 | D:5      | You pick up a book of Callings and begin reading...
  4992 | D:5      | Found a staircase to the Ecumenical Temple.
  5038 | D:5      | Reached skill level 5 in Invocations
  5295 | D:5      | Found a runed translucent door.
  5300 | D:5      | Noticed Cecur's ghost (amateur GnWn)
  5548 | D:6      | Reached skill level 6 in Fighting
  5583 | D:6      | You pick up a book of the Dragon and begin reading...
  5583 | D:6      | You add the spells Cause Fear, Dragon Form and Dragon's
                  | Call to your library.
  5610 | D:6      | You fall into a shaft and drop 1 floor!
  5636 | D:7      | Reached skill level 5 in Polearms
  5636 | D:7      | Reached XP level 8. HP: 70/70 MP: 10/12
  5828 | D:7      | Reached ***** piety under Lugonu
  5829 | D:7      | Reached skill level 5 in Dodging
  5904 | D:7      | Noticed a two-headed ogre
  5922 | D:7      | Noticed Dowan
  5932 | D:7      | HP: 16/71 [two-headed ogre/+0 giant club (21)]
  5932 | D:7      | Slain by a two-headed ogre

Vanquished Creatures
  2 water moccasins
  Pargi (Sewer)
  A sky beast (D:7)
  A phantom (D:4)
  A scorpion (D:4)
  3 jellies
  A gnoll shaman (D:5)
  3 hounds
  4 iguanas
  5 orc wizards
  Terence (D:3)
  8 gnolls
  9 adders
  A river rat (D:4)
  A white imp (D:5)
  A worm (D:3)
  A dart slug (D:1)
  16 orcs
  9 endoplasms
  9 giant cockroaches
  10 goblins
  4 hobgoblins
  2 jackals (Sewer)
  4 kobolds
  4 quokkas
  3 ball pythons
  6 bats
  3 frilled lizards
  8 rats
122 creatures vanquished.

Table legend:
 A = Non-vault XP
 B = Vault XP
 C = Vault XP percentage of total XP
 D = Non-vault monster count
 E = Vault monster count
 F = Vault count percentage of total count
                 A         B        C        D         E       F
            +---------+---------+-------+---------+---------+-------
      Total |    1602 |     212 |  11.7 |     108 |      14 |  11.5
            +---------+---------+-------+---------+---------+-------
        D:1 |      31 |      10 |  24.4 |      18 |       4 |  18.2
        D:2 |      57 |       0 |   0.0 |      18 |       0 |   0.0
        D:3 |     291 |      32 |   9.9 |      24 |       1 |   4.0
        D:4 |     398 |      32 |   7.4 |      19 |       6 |  24.0
        D:5 |     318 |       0 |   0.0 |      18 |       0 |   0.0
        D:6 |      74 |       0 |   0.0 |       3 |       0 |   0.0
        D:7 |     433 |       0 |   0.0 |       8 |       0 |   0.0
      Sewer |       0 |     138 | 100.0 |       0 |       3 | 100.0
            +---------+---------+-------+---------+---------+-------

Illustrated notes

Table legend:
 A = Kills in this place as a percentage of kills in entire the game.
 B = Kills by you in this place as a percentage of kills by you in the entire game.
 C = Kills by friends in this place as a percentage of kills by friends in the entire game.
 D = Other kills in this place as a percentage of other kills in the entire game.
 E = Experience gained in this place as a percentage of experience gained in the entire game.
 F = Experience gained in this place divided by the number of levels of this place that you have seen.
                   A       B       C       D       E      F
               +-------+-------+-------+-------+-------+----------------------
         Total | 100.0 | 100.0 |   N/A |   N/A | 100.0 | 201.6
       Dungeon |  97.5 |  97.5 |   N/A |   N/A |  92.4 | 239.4
         Sewer |   2.5 |   2.5 |   N/A |   N/A |   7.6 | 138.0
               +-------+-------+-------+-------+-------+----------------------

Table legend: (Time is in decaauts)
 A = Elapsed time spent in this place.
 B = Non-inter-level travel time spent in this place.
 C = Inter-level travel time spent in this place.
 D = Time resting spent in this place.
 E = Time spent auto-exploring this place.
 F = Levels seen in this place.
 G = Mean time per level.
                   A        B        C        D        E       F      G
               +--------+--------+--------+--------+--------+-----+--------+
         Total |   5972 |   5778 |    194 |    881 |   3800 |   9 |  663.6 |
       Dungeon |   5709 |   5515 |    194 |    881 |   3622 |   7 |  815.6 |
         Abyss |     83 |     83 |      0 |      0 |     59 |   1 |   83.0 |
         Sewer |    180 |    180 |      0 |      0 |    118 |   1 |  180.0 |
               +--------+--------+--------+--------+--------+-----+--------+

Top non-repeatable levels by time:
     D:3: 1395 daAuts
     D:1: 1180 daAuts
     D:4: 1102 daAuts
     D:5: 879 daAuts
     D:2: 756 daAuts
     D:7: 321 daAuts
   Sewer: 180 daAuts
 Abyss:1: 83 daAuts
     D:6: 73 daAuts
